Crunch vs Comets
Created - April 11, 2023 at 19:11
Goals
|
| Crunch |
0 |
2 |
1 |
3 |
| Comets |
1 |
0 |
1 |
2 |
|
Shots
|
| Crunch |
15 |
15 |
5 |
35 |
| Comets |
8 |
13 |
7 |
28 |
|
1st period
1. Comets , Juho Lammikko 13 (Tyler Graovac 11, Anton Karlsson 4) at 3:13
Penalties :
No Penalty
2nd period
2. Crunch , Christoffer Ehn 17 (Brendan Guhle 13, Rem Pitlick 12) at 0:43
3. Crunch , Brandon Hagel 21 (Jacob Josefson 33, Roland McKeown 28) at 15:15
Penalties :
Jeremy Bracco (Syr) for Hooking (Minor) at 10:54
3rd period
4. Comets , Teemu Pulkkinen 32 (Vince Hinostroza 1, Daniel Zaar 48) at 9:05
5. Crunch , Joel Vermin 12 (Rem Pitlick 13) at 16:59
Penalties :
Anatoli Golyshev (Syr) for Charging (Minor) at 3:22, Jordan Oesterle (Syr) for Slashing (Minor) at 12:33, Chandler Stephenson (Uti) for Tripping (Minor) at 14:56
Goalie Stats
Kaapo Kahkonen (Syr), 26 saves from 28 shots - (0.929), W, 19-19-3, 60:00 minutes
Casey DeSmith (Uti), 32 saves from 35 shots - (0.914), L, 9-9-1, 59:47 minutes
Players Stats for Crunch
Player Name G A P +/- PIM S H SB GA TA FO MP PP MP PK MP
------------------------------------------------------------------------------------
Anatoli Golyshev 0 0 0 -1 2 1 1 0 1 0 0/0 8:21 0:00 0:00
Anthony Cirelli 0 0 0 0 0 2 2 1 2 0 0/0 23:13 1:13 3:16
Brandon Hagel 1 0 1 1 0 3 0 0 0 0 0/0 13:38 0:00 1:14
Brendan Guhle 0 1 1 1 0 2 1 0 2 0 0/0 26:37 1:22 4:04
Christoffer Ehn 1 0 1 1 0 4 1 0 0 0 8/12 16:29 0:46 1:53
Connor Bunnaman 0 0 0 -1 0 0 1 0 0 0 1/3 7:35 0:00 0:00
Jacob Josefson 0 1 1 1 0 0 0 0 1 0 2/3 12:24 0:00 0:00
Jeremy Bracco 0 0 0 0 2 5 0 0 0 0 0/1 17:27 0:46 0:00
Jeremy Lauzon 0 0 0 0 0 2 1 2 0 0 0/0 15:21 0:00 0:38
Joel Vermin 1 0 1 1 0 2 0 0 0 1 0/0 13:39 0:00 0:00
Jordan Oesterle 0 0 0 0 2 1 1 2 0 0 0/0 19:16 0:37 1:15
Max McCormick 0 0 0 -1 0 0 0 0 0 0 0/0 7:35 0:00 0:00
Michael Ferland 0 0 0 1 0 2 2 1 0 0 0/0 16:19 0:46 2:12
Noah Hanifin 0 0 0 0 0 5 0 3 1 1 0/0 18:47 0:37 1:53
Rem Pitlick 0 2 2 1 0 0 2 0 0 0 0/1 14:34 1:13 0:00
Roland McKeown 0 1 1 1 0 2 4 0 1 1 0/0 26:37 1:22 4:04
Sam Bennett 0 0 0 0 0 4 1 1 1 2 21/32 22:47 1:13 3:19
Sean Walker 0 0 0 0 0 0 0 0 0 0 0/0 13:21 0:00 0:00
Players Stats for Comets
Player Name G A P +/- PIM S H SB GA TA FO MP PP MP PK MP
------------------------------------------------------------------------------------
Adam Ollas-Mattsson 0 0 0 0 0 0 0 0 0 0 0/0 0:00 0:00 0:00
Andrej Nestrasil 0 0 0 0 0 0 2 1 0 0 3/11 17:05 2:40 0:00
Anton Karlsson 0 1 1 0 0 1 1 0 0 1 0/0 8:24 0:00 0:18
Chandler Stephenson 0 0 0 -1 2 0 1 1 0 0 2/7 10:04 0:00 0:00
Curtis Lazar 0 0 0 0 0 3 0 1 1 0 0/0 10:01 0:00 0:00
Dan Renouf 0 0 0 -1 0 1 2 0 0 0 0/0 13:01 0:00 0:53
Daniel Zaar 0 1 1 -1 0 0 1 1 0 3 3/5 22:16 3:16 1:13
Daniil Miromanov 0 0 0 -1 0 0 0 1 0 0 0/0 15:58 2:39 0:53
Gustav Lindstrom 0 0 0 1 0 0 0 1 0 0 0/0 16:21 0:00 0:00
Jack Rathbone 0 0 0 0 0 0 0 0 0 0 0/0 0:00 0:00 0:00
Jonas Brodin 0 0 0 -1 0 1 1 2 0 0 0/0 27:41 3:18 1:06
Juho Lammikko 1 0 1 0 0 2 0 0 1 0 0/0 8:06 0:00 0:00
Juuso Riikola 0 0 0 1 0 0 1 1 0 0 0/0 20:24 2:39 1:06
Mackenzie MacEachern 0 0 0 0 0 0 0 0 0 0 0/0 2:05 0:08 0:00
Michael Joly 0 0 0 0 0 0 0 0 0 0 0/0 0:00 0:00 0:00
Nicolas Petan 0 0 0 0 0 4 2 1 1 1 7/22 20:53 3:13 0:00
Oliver Kylington 0 0 0 -1 0 2 2 2 1 3 0/0 26:35 3:18 0:00
Phil Di Giuseppe 0 0 0 0 0 1 1 0 0 0 0/0 10:01 0:00 0:00
Rasmus Asplund 0 0 0 0 0 0 0 0 0 0 0/0 0:28 0:00 0:28
Teemu Hartikainen 0 0 0 -1 0 4 6 0 0 1 1/1 22:32 3:10 1:09
Teemu Pulkkinen 1 0 1 0 0 3 1 0 0 0 1/2 17:30 2:40 0:25
Tyler Graovac 0 1 1 0 0 0 0 0 1 0 3/3 8:06 0:00 0:00
Vince Hinostroza 0 1 1 0 0 6 1 0 0 0 0/1 18:37 2:40 0:25
William Lagesson 0 0 0 0 0 0 0 0 0 0 0/0 0:00 0:00 0:00
William Lockwood 0 0 0 0 0 0 0 0 0 0 0/0 1:52 0:04 0:00
3 Stars
1 - Rem Pitlick (Syr)
2 - Christoffer Ehn (Syr)
3 - Joel Vermin (Syr)
Power Play
Crunch - 0 on 1 Attempt(s) - 0.00%
Comets - 0 on 3 Attempt(s) - 0.00%
Penalty Kill
Crunch - 3 on 3 Attempt(s) - 100.00%
- Score 0 goal in Penalty Kill
Comets - 1 on 1 Attempt(s) - 100.00%
- Score 0 goal in Penalty Kill
Team Stat
Crunch - Hits : 17 - Faceoff Wins : 32 - Blocked Shots : 10 - Penalty Minutes : 6
Comets - Hits : 22 - Faceoff Wins : 20 - Blocked Shots : 12 - Penalty Minutes : 2
Official
Referees : Chris Schlenker and Kendrick Nicholson
Linesman : Brad Kovachik and Jesse Marquis
Game Notes
13:31 of 3rd period - Comets goal is going for a video replay. After video review, No Goal. The attacking player has interfered with a goalkeeper in his goal crease.
Finance
Level 1 -- Attendance: 2000 (100.00%) -- Ticket Income $70,000
Level 2 -- Attendance: 1000 (100.00%) -- Ticket Income $15,000
Total Attendance: 3000 (100.00%)
Total Ticket Income: $85,000
Other Income: $4,250
Total Income: $89,250
Crunch
5 vs 5 Forward
Center Left Wing Right Wing Time % Phy DF OF
1 Sam Bennett Anthony Cirelli Jeremy Bracco 40 1 2 2
2 Christoffer Ehn Michael Ferland Rem Pitlick 30 1 2 2
3 Jacob Josefson Brandon Hagel Joel Vermin 20 1 2 2
4 Connor Bunnaman Anatoli Golyshev Max McCormick 10 1 2 2
5 vs 5 Defense
Defense Defense Time % Phy DF OF
1 Roland McKeown Brendan Guhle 40 1 2 2
2 Noah Hanifin Jordan Oesterle 30 1 2 2
3 Jeremy Lauzon Sean Walker 20 1 2 2
4 Roland McKeown Brendan Guhle 10 1 2 2
PowerPlay Forward
Center Left Wing Right Wing Time % Phy DF OF
1 Sam Bennett Anthony Cirelli Rem Pitlick 60 1 2 2
2 Christoffer Ehn Michael Ferland Jeremy Bracco 40 1 2 2
PowerPlay Defense
Defense Defense Time % Phy DF OF
1 Roland McKeown Brendan Guhle 60 1 2 2
2 Noah Hanifin Jordan Oesterle 40 1 2 2
Penalty Kill 4 Players Forward
Center Wing Time % Phy DF OF
1 Sam Bennett Anthony Cirelli 60 1 2 2
2 Christoffer Ehn Michael Ferland 40 1 2 2
Penalty Kill 4 Players Defense
Defense Defense Time % Phy DF OF
1 Roland McKeown Brendan Guhle 60 1 2 2
2 Noah Hanifin Jordan Oesterle 40 1 2 2
Penalty Kill - 3 Players Forward
Forward Time % Phy DF OF
1 Sam Bennett 60 1 2 2
2 Christoffer Ehn 40 1 2 2
Penalty Kill - 3 Players Defense
Defense Defense Time % Phy DF OF
1 Roland McKeown Brendan Guhle 60 1 2 2
2 Noah Hanifin Jordan Oesterle 40 1 2 2
4 vs 4 Forward
Center Wing Time % Phy DF OF
1 Sam Bennett Anthony Cirelli 60 1 2 2
2 Christoffer Ehn Michael Ferland 40 1 2 2
4 vs 4 Defense
Defense Defense Time % Phy DF OF
1 Roland McKeown Brendan Guhle 60 1 2 2
2 Noah Hanifin Jordan Oesterle 40 1 2 2
Last Minutes Offensive
Center Left Wing Right Wing Defense Defense
Sam Bennett Anthony Cirelli Rem Pitlick Roland McKeown Brendan Guhle
Last Minutes Defensive
Center Left Wing Right Wing Defense Defense
Sam Bennett Anthony Cirelli Joel Vermin Roland McKeown Brendan Guhle
Goaltenders
Starting : Kaapo Kahkonen
Backup : Jordan Binnington
Extra Forwards
Normal : Brandon Hagel, Jacob Josefson, Joel Vermin - PP : Brandon Hagel, Jacob Josefson - PK : Brandon Hagel
Extra Defensemen
Normal : Jordan Oesterle, Jeremy Lauzon, Sean Walker - PP : Jordan Oesterle - PK : Jordan Oesterle, Jeremy Lauzon
Penalty Shots
Sam Bennett, Anthony Cirelli, Christoffer Ehn, Michael Ferland, Brandon Hagel
Scratches
Axel Holmstrom (Healthy), Blake Lizotte (Healthy), Charles-Olivier Roussel (Healthy), Michael Downing (Healthy), Nikita Gusev (Healthy)
Blake Hillman (Healthy), Josef Korenar (Healthy)
Comets
5 vs 5 Forward
Center Left Wing Right Wing Time % Phy DF OF
1 Nicolas Petan Teemu Hartikainen Daniel Zaar 50 1 2 2
2 Andrej Nestrasil Teemu Pulkkinen Vince Hinostroza 36 1 2 2
3 Chandler Stephenson Phil Di Giuseppe Curtis Lazar 10 1 2 2
4 Tyler Graovac Anton Karlsson Juho Lammikko 4 1 2 2
5 vs 5 Defense
Defense Defense Time % Phy DF OF
1 Oliver Kylington Jonas Brodin 55 1 2 2
2 Gustav Lindstrom Juuso Riikola 30 1 2 2
3 Daniil Miromanov Dan Renouf 10 1 2 2
4 Gustav Lindstrom Juuso Riikola 5 1 2 2
PowerPlay Forward
Center Left Wing Right Wing Time % Phy DF OF
1 Nicolas Petan Teemu Hartikainen Daniel Zaar 60 1 2 2
2 Andrej Nestrasil Teemu Pulkkinen Vince Hinostroza 40 1 2 2
PowerPlay Defense
Defense Defense Time % Phy DF OF
1 Jonas Brodin Oliver Kylington 60 1 2 2
2 Juuso Riikola Daniil Miromanov 40 1 2 2
Penalty Kill 4 Players Forward
Center Wing Time % Phy DF OF
1 Daniel Zaar Teemu Hartikainen 60 1 2 2
2 Vince Hinostroza Teemu Pulkkinen 40 1 2 2
Penalty Kill 4 Players Defense
Defense Defense Time % Phy DF OF
1 Jonas Brodin Juuso Riikola 60 1 2 2
2 Daniil Miromanov Dan Renouf 40 1 2 2
Penalty Kill - 3 Players Forward
Forward Time % Phy DF OF
1 Daniel Zaar 60 1 2 2
2 Teemu Hartikainen 40 1 2 2
Penalty Kill - 3 Players Defense
Defense Defense Time % Phy DF OF
1 Jonas Brodin Juuso Riikola 60 1 2 2
2 Daniil Miromanov Dan Renouf 40 1 2 2
4 vs 4 Forward
Center Wing Time % Phy DF OF
1 Daniel Zaar Teemu Hartikainen 60 1 2 2
2 Vince Hinostroza Teemu Pulkkinen 40 1 2 2
4 vs 4 Defense
Defense Defense Time % Phy DF OF
1 Jonas Brodin Juuso Riikola 60 1 2 2
2 Daniil Miromanov Dan Renouf 40 1 2 2
Last Minutes Offensive
Center Left Wing Right Wing Defense Defense
Nicolas Petan Teemu Hartikainen Daniel Zaar Vince Hinostroza Daniil Miromanov
Last Minutes Defensive
Center Left Wing Right Wing Defense Defense
Andrej Nestrasil Teemu Hartikainen Daniel Zaar Vince Hinostroza Juuso Riikola
Goaltenders
Starting : Casey DeSmith
Backup : Marek Langhamer
Extra Forwards
Normal : Mackenzie MacEachern, William Lockwood, Rasmus Asplund - PP : Mackenzie MacEachern, William Lockwood - PK : Rasmus Asplund
Extra Defensemen
Normal : Adam Ollas-Mattsson, Daniil Miromanov, Gustav Lindstrom - PP : Adam Ollas-Mattsson - PK : Daniil Miromanov, Gustav Lindstrom
Penalty Shots
Daniel Zaar, Teemu Hartikainen, Vince Hinostroza, Teemu Pulkkinen, Curtis Lazar
Scratches
Anton Zlobin (Healthy), Lane Pederson (Healthy), Jaret Anderson-Dolan (Healthy), Brandon Biro (Healthy), Dmitry Sokolov (Healthy)
Thatcher Demko (Healthy), Michael Dipietro (Healthy)
% Time on Ice - Crunch
Lines # - Real PCT - Wanted PCT - Time Play
Normal Forward
1 - 34% - 40% - 17:29
2 - 26% - 30% - 13:21
3 - 24% - 20% - 12:24
4 - 15% - 10% - 7:35
Normal Defense
1 - 38% - 40% - 19:07
2 - 32% - 30% - 16:17
3 - 26% - 20% - 13:21
4 - 4% - 10% - 2:04
PP Forward
1 - 61% - 60% - 1:13
2 - 39% - 40% - 0:46
PP Defense
1 - 69% - 60% - 1:22
2 - 31% - 40% - 0:37
PK Forward
1 - 75% - 60% - 4:26
2 - 25% - 40% - 1:31
PK Defense
1 - 68% - 60% - 4:04
2 - 32% - 40% - 1:53
PK3 Forward
1 - 0% - 60%
2 - 0% - 40%
PK3 Defense
1 - 0% - 60%
2 - 0% - 40%
44 Forward
1 - 0% - 60%
2 - 0% - 40%
44 Defense
1 - 0% - 60%
2 - 0% - 40%
Last Minute Offensive - 0:00
Last Minute Defensive - 1:15
Total
Forward - 60:00
Defense - 60:00
|
% Time on Ice - Comets
Lines # - Real PCT - Wanted PCT - Time Play
Normal Forward
1 - 35% - 50% - 18:16
2 - 30% - 36% - 15:41
3 - 19% - 10% - 10:01
4 - 16% - 4% - 8:06
Normal Defense
1 - 45% - 55% - 23:17
2 - 30% - 30% - 15:24
3 - 23% - 10% - 12:04
4 - 3% - 5% - 1:19
PP Forward
1 - 55% - 60% - 3:17
2 - 45% - 40% - 2:40
PP Defense
1 - 55% - 60% - 3:18
2 - 45% - 40% - 2:39
PK Forward
1 - 79% - 60% - 1:34
2 - 21% - 40% - 0:25
PK Defense
1 - 55% - 60% - 1:06
2 - 45% - 40% - 0:53
PK3 Forward
1 - 0% - 60%
2 - 0% - 40%
PK3 Defense
1 - 0% - 60%
2 - 0% - 40%
44 Forward
1 - 0% - 60%
2 - 0% - 40%
44 Defense
1 - 0% - 60%
2 - 0% - 40%
Last Minute Offensive - 0:00
Last Minute Defensive - 0:00
Total
Forward - 60:00
Defense - 60:00
|
Play-by-Play
1st period
0:01 of 1st period - Sam Bennett wins face-off versus Nicolas Petan in neutral zone.
0:04 of 1st period - Oliver Kylington is hit by Sam Bennett and loses puck.
1:13 of 1st period - Wrist shot by Teemu Hartikainen.
1:13 of 1st period - Shot Misses the Net.
1:15 of 1st period - Wrist shot by Teemu Hartikainen.
1:15 of 1st period - Shot Misses the Net.
1:17 of 1st period - Wrist shot by Nicolas Petan.
1:17 of 1st period - Stopped by Kaapo Kahkonen without a rebound.
1:18 of 1st period - Christoffer Ehn wins face-off versus Andrej Nestrasil in Crunch zone.
1:18 of 1st period - Christoffer Ehn is hit by Jonas Brodin.
1:24 of 1st period - Snap shot by Noah Hanifin.
1:24 of 1st period - Stopped by Casey DeSmith without a rebound.
1:25 of 1st period - Andrej Nestrasil wins face-off versus Christoffer Ehn in Comets zone.
1:54 of 1st period - Snap shot by Noah Hanifin.
1:54 of 1st period - Stopped by Casey DeSmith without a rebound.
1:55 of 1st period - Tyler Graovac wins face-off versus Jeremy Bracco in Comets zone.
2:04 of 1st period - Snap shot by Anton Karlsson.
2:04 of 1st period - Stopped by Kaapo Kahkonen with a rebound.
2:15 of 1st period - Snap shot by Tyler Graovac.
2:15 of 1st period - Shot Misses the Net.
2:17 of 1st period - Snap shot by Juho Lammikko.
2:17 of 1st period - Shot Misses the Net.
2:37 of 1st period - Snap shot by Juho Lammikko.
2:37 of 1st period - Stopped by Kaapo Kahkonen with a rebound.
2:39 of 1st period - Snap shot by Anton Karlsson.
2:39 of 1st period - Shot Misses the Net.
2:41 of 1st period - Wrist shot by Juho Lammikko.
2:41 of 1st period - Shot Blocked by Jeremy Lauzon.
2:43 of 1st period - Slapshot by Anton Karlsson.
2:43 of 1st period - Shot Misses the Net.
2:51 of 1st period - Jonas Brodin is hit by Connor Bunnaman and loses puck.
3:02 of 1st period - Jeremy Lauzon is hit by Oliver Kylington and loses puck.
3:13 of 1st period - Snap shot by Juho Lammikko.
3:13 of 1st period - Goal by Juho Lammikko - Crunch : 0 - Comets : 1.
3:14 of 1st period - Sam Bennett wins face-off versus Andrej Nestrasil in neutral zone.
3:21 of 1st period - Snap shot by Sam Bennett.
3:21 of 1st period - Shot Misses the Net.
3:50 of 1st period - Slapshot by Michael Ferland.
3:50 of 1st period - Shot Misses the Net.
3:52 of 1st period - Slapshot by Noah Hanifin.
3:52 of 1st period - Stopped by Casey DeSmith with a rebound.
3:54 of 1st period - Snap shot by Michael Ferland.
3:54 of 1st period - Stopped by Casey DeSmith with a rebound.
4:25 of 1st period - Teemu Pulkkinen is hit by Anthony Cirelli and loses puck.
5:30 of 1st period - Snap shot by Brandon Hagel.
5:30 of 1st period - Stopped by Casey DeSmith with a rebound.
5:32 of 1st period - Snap shot by Joel Vermin.
5:32 of 1st period - Stopped by Casey DeSmith with a rebound.
6:26 of 1st period - Wrist shot by Anatoli Golyshev.
6:26 of 1st period - Shot Misses the Net.
6:38 of 1st period - Anton Karlsson is hit by Roland McKeown.
6:42 of 1st period - Tyler Graovac is hit by Roland McKeown.
7:48 of 1st period - Snap shot by Vince Hinostroza.
7:48 of 1st period - Stopped by Kaapo Kahkonen without a rebound.
7:49 of 1st period - Chandler Stephenson wins face-off versus Jacob Josefson in Crunch zone.
7:54 of 1st period - Slapshot by Curtis Lazar.
7:54 of 1st period - Stopped by Kaapo Kahkonen without a rebound.
7:55 of 1st period - Sam Bennett wins face-off versus Chandler Stephenson in Crunch zone.
8:21 of 1st period - Wrist shot by Christoffer Ehn.
8:21 of 1st period - Shot Misses the Net.
8:53 of 1st period - Snap shot by Anatoli Golyshev.
8:53 of 1st period - Stopped by Casey DeSmith with a rebound.
9:31 of 1st period - Snap shot by Jeremy Bracco.
9:31 of 1st period - Stopped by Casey DeSmith with a rebound.
10:33 of 1st period - Slapshot by Sam Bennett.
10:33 of 1st period - Shot Blocked by Oliver Kylington.
10:59 of 1st period - Slapshot by Sam Bennett.
10:59 of 1st period - Stopped by Casey DeSmith with a rebound.
11:01 of 1st period - Slapshot by Anthony Cirelli.
11:01 of 1st period - Shot Blocked by Nicolas Petan.
11:07 of 1st period - Wrist shot by Sam Bennett.
11:07 of 1st period - Stopped by Casey DeSmith without a rebound.
11:08 of 1st period - Christoffer Ehn wins face-off versus Andrej Nestrasil in Comets zone.
11:18 of 1st period - Icing by Gustav Lindstrom.
11:19 of 1st period - Andrej Nestrasil wins face-off versus Christoffer Ehn in Comets zone.
11:23 of 1st period - Off-side.
11:24 of 1st period - Andrej Nestrasil wins face-off versus Christoffer Ehn in neutral zone.
12:09 of 1st period - Off-side.
12:10 of 1st period - Nicolas Petan wins face-off versus Connor Bunnaman in neutral zone.
12:15 of 1st period - Snap shot by Daniel Zaar.
12:15 of 1st period - Shot Misses the Net.
12:28 of 1st period - Daniel Zaar is hit by Anatoli Golyshev and loses puck.
12:44 of 1st period - Andrej Nestrasil is hit by Rem Pitlick and loses puck.
12:52 of 1st period - Off-side.
12:53 of 1st period - Jacob Josefson wins face-off versus Teemu Pulkkinen in neutral zone.
13:09 of 1st period - Jordan Oesterle is hit by Andrej Nestrasil and loses puck.
13:48 of 1st period - Snap shot by Curtis Lazar.
13:48 of 1st period - Stopped by Kaapo Kahkonen without a rebound.
13:49 of 1st period - Sam Bennett wins face-off versus Vince Hinostroza in Crunch zone.
13:56 of 1st period - Slapshot by Vince Hinostroza.
13:56 of 1st period - Stopped by Kaapo Kahkonen without a rebound.
13:57 of 1st period - Sam Bennett wins face-off versus Andrej Nestrasil in Crunch zone.
14:12 of 1st period - Slapshot by Vince Hinostroza.
14:12 of 1st period - Shot Misses the Net.
15:01 of 1st period - Jordan Oesterle is hit by Vince Hinostroza and loses puck.
15:08 of 1st period - Slapshot by Jeremy Lauzon.
15:08 of 1st period - Shot Misses the Net.
15:10 of 1st period - Snap shot by Connor Bunnaman.
15:10 of 1st period - Shot Misses the Net.
15:22 of 1st period - Slapshot by Jeremy Lauzon.
15:22 of 1st period - Stopped by Casey DeSmith with a rebound.
15:24 of 1st period - Wrist shot by Jeremy Lauzon.
15:24 of 1st period - Stopped by Casey DeSmith with a rebound.
16:05 of 1st period - Snap shot by Brandon Hagel.
16:05 of 1st period - Stopped by Casey DeSmith with a rebound.
17:36 of 1st period - Snap shot by Anthony Cirelli.
17:36 of 1st period - Stopped by Casey DeSmith with a rebound.
18:18 of 1st period - Snap shot by Sam Bennett.
18:18 of 1st period - Shot Misses the Net.
18:20 of 1st period - Wrist shot by Anthony Cirelli.
18:20 of 1st period - Stopped by Casey DeSmith without a rebound.
18:21 of 1st period - Christoffer Ehn wins face-off versus Nicolas Petan in Comets zone.
18:28 of 1st period - Snap shot by Teemu Hartikainen.
18:28 of 1st period - Shot Blocked by Jordan Oesterle.
18:30 of 1st period - Slapshot by Gustav Lindstrom.
18:30 of 1st period - Shot Blocked by Jordan Oesterle.
18:32 of 1st period - Wrist shot by Daniel Zaar.
18:32 of 1st period - Shot Blocked by Michael Ferland.
18:34 of 1st period - Wrist shot by Teemu Hartikainen.
18:34 of 1st period - Shot Blocked by Noah Hanifin.
18:36 of 1st period - Slapshot by Gustav Lindstrom.
18:36 of 1st period - Shot Blocked by Noah Hanifin.
19:28 of 1st period - Michael Ferland is hit by Nicolas Petan and loses puck.
19:47 of 1st period - Noah Hanifin is hit by Dan Renouf and loses puck.
Goals for this period are 0 for Crunch vs 1 for Comets.
Shots for this period are 15 for Crunch vs 8 for Comets.
2nd period
0:01 of 2nd period - Sam Bennett wins face-off versus Nicolas Petan in neutral zone.
0:12 of 2nd period - Snap shot by Sam Bennett.
0:12 of 2nd period - Shot Blocked by Jonas Brodin.
0:31 of 2nd period - Slapshot by Michael Ferland.
0:31 of 2nd period - Shot Misses the Net.
0:33 of 2nd period - Wrist shot by Michael Ferland.
0:33 of 2nd period - Shot Misses the Net.
0:39 of 2nd period - Snap shot by Rem Pitlick.
0:39 of 2nd period - Shot Misses the Net.
0:41 of 2nd period - Slapshot by Brendan Guhle.
0:41 of 2nd period - Shot Blocked by Andrej Nestrasil.
0:43 of 2nd period - Wrist shot by Christoffer Ehn.
0:43 of 2nd period - Goal by Christoffer Ehn - Crunch : 1 - Comets : 1.
0:44 of 2nd period - Christoffer Ehn wins face-off versus Nicolas Petan in neutral zone.
1:39 of 2nd period - Snap shot by Sam Bennett.
1:39 of 2nd period - Shot Misses the Net.
1:45 of 2nd period - Wrist shot by Jacob Josefson.
1:45 of 2nd period - Shot Blocked by Curtis Lazar.
2:07 of 2nd period - Snap shot by Rem Pitlick.
2:07 of 2nd period - Shot Misses the Net.
2:53 of 2nd period - Snap shot by Vince Hinostroza.
2:53 of 2nd period - Shot Misses the Net.
3:03 of 2nd period - Snap shot by Jeremy Bracco.
3:03 of 2nd period - Stopped by Casey DeSmith without a rebound.
3:04 of 2nd period - Sam Bennett wins face-off versus Chandler Stephenson in Comets zone.
3:15 of 2nd period - Backhand shot by Jeremy Bracco.
3:15 of 2nd period - Shot Blocked by Gustav Lindstrom.
3:17 of 2nd period - Snap shot by Anthony Cirelli.
3:17 of 2nd period - Shot Misses the Net.
3:19 of 2nd period - Snap shot by Jeremy Bracco.
3:19 of 2nd period - Stopped by Casey DeSmith with a rebound.
3:29 of 2nd period - Juuso Riikola is hit by Michael Ferland and loses puck.
3:40 of 2nd period - Michael Ferland is hit by Teemu Hartikainen and loses puck.
4:18 of 2nd period - Off-side.
4:19 of 2nd period - Nicolas Petan wins face-off versus Sam Bennett in neutral zone.
4:22 of 2nd period - Sam Bennett is hit by Teemu Hartikainen and loses puck.
4:31 of 2nd period - Wrist shot by Sam Bennett.
4:31 of 2nd period - Stopped by Casey DeSmith without a rebound.
4:32 of 2nd period - Sam Bennett wins face-off versus Nicolas Petan in Comets zone.
4:33 of 2nd period - Wrist shot by Jeremy Bracco.
4:33 of 2nd period - Shot Misses the Net.
4:35 of 2nd period - Wrist shot by Noah Hanifin.
4:35 of 2nd period - Stopped by Casey DeSmith with a rebound.
4:41 of 2nd period - Slapshot by Sam Bennett.
4:41 of 2nd period - Shot Misses the Net.
4:43 of 2nd period - Backhand shot by Anthony Cirelli.
4:43 of 2nd period - Deflect By Oliver Kylington.
4:43 of 2nd period - Shot Misses the Net.
4:43 of 2nd period - Puck is out of play.
4:44 of 2nd period - Sam Bennett wins face-off versus Nicolas Petan in Comets zone.
4:58 of 2nd period - Snap shot by Sam Bennett.
4:58 of 2nd period - Shot Misses the Net.
5:00 of 2nd period - Slapshot by Noah Hanifin.
5:00 of 2nd period - Stopped by Casey DeSmith with a rebound.
5:10 of 2nd period - Christoffer Ehn is hit by Teemu Pulkkinen and loses puck.
5:35 of 2nd period - Wrist shot by Vince Hinostroza.
5:35 of 2nd period - Stopped by Kaapo Kahkonen with a rebound.
6:13 of 2nd period - Slapshot by Phil Di Giuseppe.
6:13 of 2nd period - Shot Misses the Net.
6:15 of 2nd period - Snap shot by Teemu Hartikainen.
6:15 of 2nd period - Stopped by Kaapo Kahkonen with a rebound.
6:17 of 2nd period - Slapshot by Teemu Hartikainen.
6:17 of 2nd period - Shot Misses the Net.
6:19 of 2nd period - Slapshot by Dan Renouf.
6:19 of 2nd period - Stopped by Kaapo Kahkonen without a rebound.
6:20 of 2nd period - Christoffer Ehn wins face-off versus Nicolas Petan in Crunch zone.
6:33 of 2nd period - Slapshot by Noah Hanifin.
6:33 of 2nd period - Deflect By Christoffer Ehn.
6:33 of 2nd period - Stopped by Casey DeSmith with a rebound.
6:35 of 2nd period - Slapshot by Michael Ferland.
6:35 of 2nd period - Stopped by Casey DeSmith with a rebound.
7:25 of 2nd period - Slapshot by Jonas Brodin.
7:25 of 2nd period - Deflect By Teemu Hartikainen.
7:25 of 2nd period - Stopped by Kaapo Kahkonen without a rebound.
7:26 of 2nd period - Sam Bennett wins face-off versus Andrej Nestrasil in Crunch zone.
8:09 of 2nd period - Wrist shot by Jeremy Bracco.
8:09 of 2nd period - Stopped by Casey DeSmith with a rebound.
8:11 of 2nd period - Snap shot by Roland McKeown.
8:11 of 2nd period - Deflect By Anthony Cirelli.
8:11 of 2nd period - Shot Blocked by Daniil Miromanov.
8:11 of 2nd period - Puck is out of play.
8:12 of 2nd period - Chandler Stephenson wins face-off versus Rem Pitlick in Comets zone.
8:47 of 2nd period - Off-side.
8:48 of 2nd period - Christoffer Ehn wins face-off versus Nicolas Petan in neutral zone.
9:01 of 2nd period - Wrist shot by Oliver Kylington.
9:01 of 2nd period - Stopped by Kaapo Kahkonen without a rebound.
9:02 of 2nd period - Nicolas Petan wins face-off versus Sam Bennett in Crunch zone.
10:10 of 2nd period - Max McCormick is hit by Anton Karlsson and loses puck.
10:29 of 2nd period - Snap shot by Teemu Hartikainen.
10:29 of 2nd period - Shot Blocked by Jeremy Lauzon.
10:31 of 2nd period - Snap shot by Daniel Zaar.
10:31 of 2nd period - Shot Misses the Net.
10:35 of 2nd period - Snap shot by Teemu Hartikainen.
10:35 of 2nd period - Shot Misses the Net.
10:37 of 2nd period - Snap shot by Nicolas Petan.
10:37 of 2nd period - Deflect By Teemu Hartikainen.
10:37 of 2nd period - Shot Misses the Net.
10:37 of 2nd period - Puck is out of play.
10:38 of 2nd period - Christoffer Ehn wins face-off versus Andrej Nestrasil in Crunch zone.
10:51 of 2nd period - Slapshot by Vince Hinostroza.
10:51 of 2nd period - Stopped by Kaapo Kahkonen without a rebound.
10:52 of 2nd period - Sam Bennett wins face-off versus Nicolas Petan in Crunch zone.
10:54 of 2nd period - Minor Penalty to Jeremy Bracco for Hooking.
10:55 of 2nd period - Sam Bennett wins face-off versus Nicolas Petan in Crunch zone.
11:57 of 2nd period - Slapshot by Noah Hanifin.
11:57 of 2nd period - Shot Blocked by Jonas Brodin.
11:59 of 2nd period - Snap shot by Jordan Oesterle.
11:59 of 2nd period - Stopped by Casey DeSmith with a rebound.
12:39 of 2nd period - Juuso Riikola is hit by Roland McKeown and loses puck.
12:54 of 2nd period - Penalty to Jeremy Bracco is over, Jeremy Bracco is back on ice.
13:04 of 2nd period - Slapshot by Jeremy Bracco.
13:04 of 2nd period - Stopped by Casey DeSmith with a rebound.
13:06 of 2nd period - Slapshot by Brendan Guhle.
13:06 of 2nd period - Shot Misses the Net.
13:16 of 2nd period - Wrist shot by Christoffer Ehn.
13:16 of 2nd period - Stopped by Casey DeSmith with a rebound.
13:20 of 2nd period - Snap shot by Christoffer Ehn.
13:20 of 2nd period - Stopped by Casey DeSmith with a rebound.
13:22 of 2nd period - Slapshot by Brendan Guhle.
13:22 of 2nd period - Stopped by Casey DeSmith without a rebound.
13:23 of 2nd period - Connor Bunnaman wins face-off versus Chandler Stephenson in Comets zone.
13:26 of 2nd period - Snap shot by Noah Hanifin.
13:26 of 2nd period - Shot Blocked by Juuso Riikola.
14:03 of 2nd period - Joel Vermin is hit by Juuso Riikola and loses puck.
14:21 of 2nd period - Snap shot by Teemu Pulkkinen.
14:21 of 2nd period - Stopped by Kaapo Kahkonen with a rebound.
14:23 of 2nd period - Slapshot by Jonas Brodin.
14:23 of 2nd period - Stopped by Kaapo Kahkonen without a rebound.
14:24 of 2nd period - Christoffer Ehn wins face-off versus Andrej Nestrasil in Crunch zone.
14:33 of 2nd period - Wrist shot by Noah Hanifin.
14:33 of 2nd period - Shot Misses the Net.
14:53 of 2nd period - Snap shot by Teemu Hartikainen.
14:53 of 2nd period - Shot Misses the Net.
15:15 of 2nd period - Snap shot by Brandon Hagel.
15:15 of 2nd period - Goal by Brandon Hagel - Crunch : 2 - Comets : 1.
15:16 of 2nd period - Sam Bennett wins face-off versus Nicolas Petan in neutral zone.
15:42 of 2nd period - Brendan Guhle is hit by Andrej Nestrasil.
16:02 of 2nd period - Snap shot by Curtis Lazar.
16:02 of 2nd period - Stopped by Kaapo Kahkonen with a rebound.
16:28 of 2nd period - Wrist shot by Teemu Hartikainen.
16:28 of 2nd period - Stopped by Kaapo Kahkonen with a rebound.
16:30 of 2nd period - Slapshot by Oliver Kylington.
16:30 of 2nd period - Stopped by Kaapo Kahkonen without a rebound.
16:31 of 2nd period - Nicolas Petan wins face-off versus Sam Bennett in Crunch zone.
16:51 of 2nd period - Anthony Cirelli is hit by Teemu Hartikainen and loses puck.
17:48 of 2nd period - Backhand shot by Phil Di Giuseppe.
17:48 of 2nd period - Stopped by Kaapo Kahkonen without a rebound.
17:49 of 2nd period - Tyler Graovac wins face-off versus Connor Bunnaman in Crunch zone.
18:18 of 2nd period - Teemu Hartikainen is hit by Jeremy Lauzon and loses puck.
18:45 of 2nd period - Snap shot by Teemu Pulkkinen.
18:45 of 2nd period - Stopped by Kaapo Kahkonen without a rebound.
18:46 of 2nd period - Sam Bennett wins face-off versus Nicolas Petan in Crunch zone.
18:59 of 2nd period - Gustav Lindstrom is hit by Brendan Guhle.
19:00 of 2nd period - Icing by Gustav Lindstrom.
19:01 of 2nd period - Nicolas Petan wins face-off versus Christoffer Ehn in Comets zone.
Goals for this period are 2 for Crunch vs 0 for Comets.
Shots for this period are 15 for Crunch vs 13 for Comets.
3rd period
0:01 of 3rd period - Sam Bennett wins face-off versus Nicolas Petan in neutral zone.
0:04 of 3rd period - Slapshot by Roland McKeown.
0:04 of 3rd period - Stopped by Casey DeSmith without a rebound.
0:05 of 3rd period - Nicolas Petan wins face-off versus Sam Bennett in Comets zone.
0:52 of 3rd period - Snap shot by Brandon Hagel.
0:52 of 3rd period - Shot Misses the Net.
0:54 of 3rd period - Slapshot by Roland McKeown.
0:54 of 3rd period - Stopped by Casey DeSmith without a rebound.
0:55 of 3rd period - Jacob Josefson wins face-off versus Chandler Stephenson in Comets zone.
1:20 of 3rd period - Gustav Lindstrom is hit by Jordan Oesterle and loses puck.
1:49 of 3rd period - Snap shot by Teemu Pulkkinen.
1:49 of 3rd period - Shot Misses the Net.
3:22 of 3rd period - Minor Penalty to Anatoli Golyshev for Charging.
3:23 of 3rd period - Sam Bennett wins face-off versus Nicolas Petan in Crunch zone.
4:36 of 3rd period - Oliver Kylington is hit by Christoffer Ehn and loses puck.
4:41 of 3rd period - Snap shot by Michael Ferland.
4:41 of 3rd period - Shot Misses the Net.
5:22 of 3rd period - Penalty to Anatoli Golyshev is over, Anatoli Golyshev is back on ice.
5:27 of 3rd period - Snap shot by Sam Bennett.
5:27 of 3rd period - Shot Blocked by Chandler Stephenson.
5:39 of 3rd period - Icing by Anatoli Golyshev.
5:40 of 3rd period - Tyler Graovac wins face-off versus Sam Bennett in Crunch zone.
6:28 of 3rd period - Michael Ferland is hit by Phil Di Giuseppe and loses puck.
6:43 of 3rd period - Brandon Hagel is hit by Teemu Hartikainen and loses puck.
9:01 of 3rd period - Snap shot by Teemu Pulkkinen.
9:01 of 3rd period - Shot Misses the Net.
9:03 of 3rd period - Wrist shot by Vince Hinostroza.
9:03 of 3rd period - Shot Misses the Net.
9:05 of 3rd period - Slapshot by Teemu Pulkkinen.
9:05 of 3rd period - Goal by Teemu Pulkkinen - Crunch : 2 - Comets : 2.
9:06 of 3rd period - Nicolas Petan wins face-off versus Sam Bennett in neutral zone.
9:06 of 3rd period - Nicolas Petan is hit by Anthony Cirelli.
9:12 of 3rd period - Slapshot by Teemu Hartikainen.
9:12 of 3rd period - Shot Misses the Net.
9:14 of 3rd period - Snap shot by Nicolas Petan.
9:14 of 3rd period - Stopped by Kaapo Kahkonen without a rebound.
9:15 of 3rd period - Sam Bennett wins face-off versus Daniel Zaar in Crunch zone.
9:15 of 3rd period - Sam Bennett is hit by Nicolas Petan.
9:25 of 3rd period - Snap shot by Teemu Hartikainen.
9:25 of 3rd period - Shot Blocked by Sam Bennett.
9:27 of 3rd period - Slapshot by Nicolas Petan.
9:27 of 3rd period - Stopped by Kaapo Kahkonen without a rebound.
9:28 of 3rd period - Daniel Zaar wins face-off versus Sam Bennett in Crunch zone.
9:29 of 3rd period - Snap shot by Nicolas Petan.
9:29 of 3rd period - Shot Misses the Net.
9:53 of 3rd period - Brendan Guhle is hit by Oliver Kylington and loses puck.
9:58 of 3rd period - Wrist shot by Andrej Nestrasil.
9:58 of 3rd period - Shot Misses the Net.
10:21 of 3rd period - Jacob Josefson is hit by Chandler Stephenson and loses puck.
11:02 of 3rd period - Wrist shot by Teemu Hartikainen.
11:02 of 3rd period - Shot Blocked by Noah Hanifin.
11:06 of 3rd period - Slapshot by Nicolas Petan.
11:06 of 3rd period - Stopped by Kaapo Kahkonen with a rebound.
11:16 of 3rd period - Vince Hinostroza is hit by Michael Ferland and loses puck.
11:32 of 3rd period - Off-side.
11:33 of 3rd period - Sam Bennett wins face-off versus Chandler Stephenson in neutral zone.
12:01 of 3rd period - Jeremy Lauzon is hit by Teemu Hartikainen and loses puck.
12:27 of 3rd period - Slapshot by Vince Hinostroza.
12:27 of 3rd period - Stopped by Kaapo Kahkonen with a rebound.
12:33 of 3rd period - Minor Penalty to Jordan Oesterle for Slashing.
12:34 of 3rd period - Sam Bennett wins face-off versus Nicolas Petan in Crunch zone.
13:00 of 3rd period - Roland McKeown is hit by Teemu Hartikainen and loses puck.
13:17 of 3rd period - Slapshot by Michael Ferland.
13:17 of 3rd period - Shot Blocked by Oliver Kylington.
13:29 of 3rd period - Snap shot by Teemu Hartikainen.
13:29 of 3rd period - Shot Misses the Net.
13:31 of 3rd period - Wrist shot by Teemu Hartikainen.
13:31 of 3rd period - Comets goal is going for a video replay.
13:31 of 3rd period - The goal is refused. The attacking player has interfered with a goalkeeper in his goal crease..
13:32 of 3rd period - Teemu Pulkkinen wins face-off versus Sam Bennett in Crunch zone.
14:33 of 3rd period - Penalty to Jordan Oesterle is over, Jordan Oesterle is back on ice.
14:56 of 3rd period - Minor Penalty to Chandler Stephenson for Tripping.
14:57 of 3rd period - Sam Bennett wins face-off versus Daniel Zaar in Comets zone.
15:10 of 3rd period - Wrist shot by Rem Pitlick.
15:10 of 3rd period - Shot Blocked by Daniel Zaar.
15:12 of 3rd period - Slapshot by Brendan Guhle.
15:12 of 3rd period - Stopped by Casey DeSmith without a rebound.
15:13 of 3rd period - Daniel Zaar wins face-off versus Sam Bennett in Comets zone.
15:26 of 3rd period - Juuso Riikola is hit by Rem Pitlick and loses puck.
15:47 of 3rd period - Jeremy Bracco is hit by Dan Renouf and loses puck.
16:05 of 3rd period - Icing by Sam Bennett.
16:06 of 3rd period - Daniel Zaar wins face-off versus Sam Bennett in Crunch zone.
16:56 of 3rd period - Penalty to Chandler Stephenson is over, Chandler Stephenson is back on ice.
16:59 of 3rd period - Slapshot by Joel Vermin.
16:59 of 3rd period - Goal by Joel Vermin - Crunch : 3 - Comets : 2.
17:00 of 3rd period - Sam Bennett wins face-off versus Andrej Nestrasil in neutral zone.
17:07 of 3rd period - Slapshot by Oliver Kylington.
17:07 of 3rd period - Shot Blocked by Anthony Cirelli.
17:14 of 3rd period - Off-side.
17:15 of 3rd period - Teemu Hartikainen wins face-off versus Sam Bennett in neutral zone.
17:30 of 3rd period - Snap shot by Jeremy Bracco.
17:30 of 3rd period - Shot Misses the Net.
18:12 of 3rd period - Brendan Guhle is hit by Daniel Zaar and loses puck.
18:23 of 3rd period - Oliver Kylington is hit by Roland McKeown and loses puck.
19:08 of 3rd period - Snap shot by Sam Bennett.
19:08 of 3rd period - Stopped by Casey DeSmith with a rebound.
19:47 of 3rd period - Comets, Casey DeSmith is pulled from the net.
19:55 of 3rd period - Slapshot by Vince Hinostroza.
19:55 of 3rd period - Stopped by Kaapo Kahkonen with a rebound.
Goals for this period are 1 for Crunch vs 1 for Comets.
Shots for this period are 5 for Crunch vs 7 for Comets.